 Dungeon Crawl Stone Soup version 0.20.1-1-g8b1a95d (webtiles) character file.

63602 Ladykiller69 the Marksminotaur (level 14, -12/210 HPs)
             Began as a Minotaur Berserker on July 3, 2017.
             Was the Champion of Trog.
             Mangled by a dire elephant (28 damage)
             ... on level 6 of the Lair of Beasts.
             The game lasted 00:54:00 (18401 turns).

Ladykiller69 the Marksminotaur (MiBe)              Turns: 18401, Time: 00:54:01

Health: -12/210    AC: 10    Str: 26    XL:     14   Next: 68%
Magic:  0/18       EV: 13    Int:  4    God:    Trog [******]
Gold:   1519       SH:  0    Dex: 19    Spells: 13/13 levels left

rFire    + . .     SeeInvis .   a - +0 great sword (freeze)
rCold    . . .     Gourm    .   (shield currently unavailable)
rNeg     . . .     Faith    .   M - +4 moon troll leather armour {Spirit, Regen++ MP+5}
rPois    .         Spirit   +   (helmet restricted)
rElec    .         Reflect  .   n - +0 cloak
rCorr    .         Harm     .   T - +0 pair of fencer's gloves {+Riposte Dex+3}
MR       +....                  (no boots)
Stlth    ..........             (no amulet)
Regen    1.3/turn               f - ring of protection from fire
MPRegen  0.2/turn               (no ring)

@: berserking, flying, very quick
A: retaliatory headbutt, horns 2
a: Berserk, Trog's Hand, Brothers in Arms, Burn Spellbooks, Renounce Religion


You were on level 6 of the Lair of Beasts.
You worshipped Trog.
Trog was exalted by your worship.
You were hungry.

You visited 4 branches of the dungeon, and saw 23 of its levels.

You collected 1519 gold pieces.

Inventory:

Hand Weapons
 a - a +0 great sword of freezing (weapon)
 w - a +6 longbow of velocity
Missiles
 C - 464 arrows
Armour
 n - a +0 cloak (worn)
 M - the +4 moon troll leather armour (worn) {Spirit, Regen++ MP+5}
   (You found it on level 8 of the Dungeon)

   It affects your magic capacity (+5).
   It increases your rate of regeneration.
 T - the +0 pair of fencer's gloves (worn) {+Riposte Dex+3}
   (You found it on level 6 of the Lair of Beasts)

   It affects your dexterity (+3).
Jewellery
 f - a ring of protection from fire (left hand)
 Q - an uncursed amulet of the gourmand {unknown}
 W - an uncursed ring of teleportation
Wands
 l - a wand of iceblast (13/15)
 y - a wand of digging (9/24)
 J - a wand of lightning (6/15)
 Z - a wand of lightning (6/15)
Scrolls
 e - 8 scrolls of remove curse
 h - a scroll of vulnerability {unknown}
 s - 2 scrolls of enchant armour
 t - 4 scrolls of fear
 u - 12 scrolls of teleportation
 v - 2 scrolls of immolation {unknown}
 z - 4 scrolls of enchant weapon
 E - 3 scrolls of recharging
 F - 2 scrolls of blinking {unknown}
 G - 3 scrolls of amnesia
 H - a scroll of summoning {unknown}
 N - 3 scrolls of fog {unknown}
 R - a scroll of magic mapping {unknown}
 V - a scroll of acquirement {unknown}
Potions
 d - 2 potions of flight
 g - 3 potions of agility {unknown}
 j - 8 potions of curing
 m - 4 potions of might
 o - 2 potions of ambrosia {unknown}
 r - 5 potions of heal wounds
 x - 2 potions of cancellation {unknown}
 A - 3 potions of haste {unknown}
 B - 8 potions of lignification
 I - 3 potions of mutation {unknown}
 K - 3 potions of degeneration {unknown}
 L - 3 potions of resistance {unknown}
 O - 4 potions of brilliance {unknown}
 X - a potion of invisibility {unknown}
Books
 b - a book of Air

   Spells                             Type                      Level
   a - Shock                          Conjuration/Air              1
   b - Swiftness                      Charms/Air                   2
   c - Static Discharge               Conjuration/Air              3
   d - Airstrike                      Air                          4
   e - Lightning Bolt                 Conjuration/Air              5
   Trog disapproves of the use of such an item.
 D - a book of Geomancy

   Spells                             Type                      Level
   a - Sandblast                      Earth                        1
   b - Passwall                       Transmutation/Earth          2
   c - Stone Arrow                    Conjuration/Earth            3
   d - Petrify                        Transmutation/Earth          4
   e - Lee's Rapid Deconstruction     Earth                        5
   Trog disapproves of the use of such an item.
 S - a book of Summonings

   Spells                             Type                      Level
   a - Recall                         Summoning/Translocation      3
   b - Aura of Abjuration             Summoning                    5
   c - Summon Demon                   Summoning                    5
   d - Summon Forest                  Summoning/Translocation      5
   e - Summon Mana Viper              Hexes/Summoning              5
   f - Shadow Creatures               Summoning                    6
   Trog disapproves of the use of such an item.
Miscellaneous
 P - a box of beasts
 U - a sack of spiders
 Y - a phantom mirror
Comestibles
 c - 10 bread rations
 i - 5 meat rations
 k - 7 chunks of flesh
 p - 17 fruits
 q - 15 royal jellies


   Skills:
 + Level 17.5 Fighting
 - Level 14.5 Long Blades
 * Level 17.6 Bows
 - Level 3.2 Armour
 - Level 3.0 Dodging


You had 13 spell levels left.
You didn't know any spells.

Dungeon Overview and Level Annotations

Branches:
Dungeon (14/15)            Temple (1/1) D:7            Lair (6/6) D:8
  Swamp (0/4) Lair:3       Spider (0/4) Lair:4        Slime (0/5) Lair:5
    Orc (2/2) D:9             Elf (0/3) Orc:2        Vaults (0/5) D:14

Altars:
Ashenzari
Cheibriados
Dithmenos
Elyvilon
Fedhas
Gozag
Hepliaklqana
Kikubaaqudgha
Makhleb
Nemelex Xobeh
Okawaru
Qazlal
Ru
Sif Muna
Trog
Uskayaw
Vehumet
Xom
Yredelemnul
Zin
The Shining One
Jiyva

Shops:
D:4 *   D:7 %   D:9 (

Annotations:
D:7 exclusion: downstairs
D:8 2 runed doors
D:13 exclusion: obsidian statue
Lair:3 exclusion: 3 oklob plants


Innate Abilities, Weirdness & Mutations

You reflexively headbutt those who attack you in melee.
You have a pair of horns on your head.


Message History

You barely miss the dire elephant.
You headbutt the dire elephant, but do no damage.
The dire elephant is almost dead.
The dire elephant tramples you!!
* * * LOW HITPOINT WARNING * * *
You hold your ground!
The dire elephant trunk-slaps you!
* * * LOW HITPOINT WARNING * * *
You hit the dire elephant. You freeze the dire elephant.
The dire elephant is almost dead.
The dire elephant tramples you.
* * * LOW HITPOINT WARNING * * *
You hold your ground!
The dire elephant trunk-slaps you!
* * * LOW HITPOINT WARNING * * *
Unknown command.
You slice the dire elephant!! You freeze the dire elephant.
You feel the power of Trog in you as your rage grows.
You kill the dire elephant!
Trog accepts your kill. The dire elephant tramples you!!
You die...

....................).........###
.............................♣#
####'''########♣.......♣♣#####
..............###....♣########
###8.⌠.8#####...##♣♣♣##...P..#
.###8.8###.≈###.#### #......#
..#######.≈≈≈≈#....####^....P#
..##)...#≈≈≈≈.####....#'######
..#))..?'≈≈≈≈.#8@####.#.#
..#/!...'≈≈≈..'Y....#...#
.###?...##≈≈.##8....#8.8# ♣♣ ##
#### #########''##'### ♣)♣
#......#.##♣8♣ ###.........♣
##.......## ##.#.#### #####


You could see a dire elephant.

Vanquished Creatures
  Kirke (D:12)
  A dire elephant (Lair:6)
  Snorg (Lair:3)
  A rakshasa (D:14)
  A fire dragon (Lair:5)
  2 hydras
  Harold (D:12)
  A vault guard (D:13)
  2 centaur warriors (D:13)
  An anaconda (Lair:6)
  The ghost of VajrapaniSR the Cleaver, a novice MiBe of Trog (D:11)
  A catoblepas (Lair:3)
  A two-headed ogre (D:9)
  Urug (D:12)
  The ghost of VajrapaniSR the Cleaver, a novice MiBe of Trog (D:10)
  An unseen horror (D:11)
  A harpy (shapeshifter) (D:13)
  A manticore (D:13)
  An ugly thing (D:11)
  27 elephants
  2 centaur zombies
  3 torpor snails (Lair:6)
  8 spiny frogs
  A kobold demonologist (D:8)
  4 rime drakes
  5 komodo dragons
  2 jumping spiders (Lair:4)
  5 trolls
  A polar bear (Lair:5)
  A queen bee (D:10)
  A hornet (shapeshifter) (D:14)
  8 blink frogs
  6 slime creatures (D:12)
  5 dream sheep (Lair:5)
  2 hornets
  7 hippogriffs
  A shadow (D:11)
  A wraith (D:8)
  6 redbacks (Lair:4)
  5 wyverns
  2 basilisks (Lair:6)
  80 yaks
  4 hogs (D:12)
  3 hungry ghosts
  A warg (Orc:1)
  5 swamp worms (Lair:3)
  An acid dragon (D:14)
  14 water moccasins
  Duvessa (D:7)
  An ice beast (D:13)
  18 orc warriors
  2 black bears
  A hornet zombie (D:13)
  A sky beast (D:9)
  12 centaurs
  10 wolves
  8 ogres
  A phantom (D:8)
  11 crocodiles
  11 bullfrogs
  A gnoll sergeant (D:8)
  8 scorpions
  Dowan (D:7)
  The ghost of VajrapaniSR the Chopper, a weakling MiBe of Trog (D:3)
  20 killer bees
  3 howler monkeys
  3 wights (D:12)
  6 electric eels
  5 crimson imps
  A bullfrog zombie (D:5)
  A centaur skeleton (D:9)
  6 hounds
  2 jellies
  12 orc wizards
  A quasit (D:13)
  13 orc priests
  A bullfrog skeleton (D:13)
  3 iguanas
  Jessica (D:3)
  8 worker ants
  A killer bee zombie (D:8)
  2 hound skeletons
  3 worker ant zombies
  Robin (D:2)
  11 adders
  5 shadow imps
  An adder skeleton (D:8)
  2 dart slugs
  3 leopard geckos
  82 orcs
  A ball python (D:1)
  6 giant cockroaches
  16 goblins
  3 hobgoblins (D:2)
  6 jackals
  4 kobolds
  6 quokkas
  2 bats
  7 frilled lizards
  A quokka skeleton (D:5)
  7 rats
  A butterfly (Lair:6)
  2 plants (Lair:6)
579 creatures vanquished.

Vanquished Creatures (others)
  6 fungi
  8 plants
14 creatures vanquished.

Grand Total: 593 creatures vanquished

Notes
Turn   | Place    | Note
-------+----------+-------------------------------------------
     0 | D:1      | Ladykiller69 the Minotaur Berserker began the quest for the Orb.
     0 | D:1      | Reached XP level 1. HP: 19/19 MP: 0/0
   125 | D:1      | Reached XP level 2. HP: 24/27 MP: 1/1
   805 | D:2      | Reached ** piety under Trog
  1003 | D:2      | Reached XP level 3. HP: 31/33 MP: 2/2
  1013 | D:2      | Noticed Robin
  1027 | D:2      | Killed Robin
  1489 | D:3      | Reached XP level 4. HP: 38/40 MP: 3/3
  1575 | D:3      | Noticed VajrapaniSR's ghost (weakling MiBe)
  1582 | D:3      | Killed VajrapaniSR's ghost
  1582 | D:3      | Reached skill level 5 in Long Blades
  1671 | D:3      | Found an iron altar of Okawaru.
  1675 | D:3      | Noticed Jessica
  1694 | D:3      | Killed Jessica
  1694 | D:3      | Reached XP level 5. HP: 31/47 MP: 4/4
  2072 | D:4      | Reached skill level 5 in Fighting
  2243 | D:4      | Found Naiweexe's Assorted Antiques.
  2350 | D:4      | Reached *** piety under Trog
  2355 | D:4      | Reached XP level 6. HP: 50/56 MP: 5/5
  2398 | D:4      | Found an opulent altar of Gozag.
  2538 | D:5      | Entered Level 5 of the Dungeon
  2698 | D:5      | Reached XP level 7. HP: 50/63 MP: 6/6
  3079 | D:5      | You fall through a shaft for 3 floors!
  3079 | D:8      | Noticed a troll
  3091 | D:7      | Found a staircase to the Ecumenical Temple.
  3104 | Temple   | Entered the Ecumenical Temple
  3225 | D:7      | Noticed Dowan
  3227 | D:7      | Noticed Duvessa
  3235 | D:7      | Killed Dowan
  3235 | D:7      | Reached skill level 1 in Bows
  3239 | D:7      | Killed Duvessa
  3400 | D:5      | Reached XP level 8. HP: 73/73 MP: 7/7
  4230 | D:7      | Reached **** piety under Trog
  4339 | D:7      | Found Waethe's Food Emporium.
  4698 | D:8      | Found a large runed door.
  4724 | D:8      | Reached skill level 10 in Long Blades
  4869 | D:8      | Found a large runed door.
  4959 | D:8      | Reached XP level 9. HP: 49/81 MP: 8/8
  5339 | D:8      | Killed a troll
  5339 | D:8      | Reached skill level 5 in Bows
  5424 | D:8      | Found a large runed door.
  5425 | D:8      | Found a large runed door.
  5507 | D:8      | Found a staircase to the Lair.
  5944 | D:8      | Reached ***** piety under Trog
  5993 | D:8      | Noticed a kobold demonologist
  6000 | D:8      | Killed a kobold demonologist
  6002 | D:8      | Reached XP level 10. HP: 91/91 MP: 9/9
  6040 | Lair:1   | Entered Level 1 of the Lair of Beasts
  6260 | D:9      | Noticed a two-headed ogre
  6270 | D:9      | Killed a two-headed ogre
  6369 | D:9      | Found a staircase to the Orcish Mines.
  6408 | D:9      | Found Monkoabb's Antique Weapon Shoppe.
  6456 | D:9      | Reached skill level 10 in Fighting
  7020 | D:10     | Entered Level 10 of the Dungeon
  7241 | D:10     | Noticed VajrapaniSR's ghost (novice MiBe)
  7259 | D:10     | Killed VajrapaniSR's ghost
  7259 | D:10     | Received a gift from Trog
  7928 | D:10     | Received a gift from Trog
  7928 | D:10     | Reached XP level 11. HP: 66/101 MP: 9/10
  8267 | D:11     | Noticed a green ugly thing
  8283 | D:11     | Killed a green ugly thing
  8300 | D:11     | Killed an unseen horror
  8855 | Lair:1   | Noticed a seven-headed hydra
  9000 | Orc:1    | Entered Level 1 of the Orcish Mines
  9316 | Orc:2    | Entered Level 2 of the Orcish Mines
  9316 | Orc:2    | Found a staircase to the Elven Halls.
  9347 | Orc:2    | Noticed an orc warlord
  9386 | Orc:2    | Noticed an orc sorcerer
  9387 | Orc:2    | Noticed an orc high priest
  9395 | Orc:1    | Received a gift from Trog
  9510 | D:11     | Noticed VajrapaniSR's ghost (novice MiBe)
  9526 | D:11     | Killed VajrapaniSR's ghost
  9526 | D:11     | Reached skill level 10 in Bows
 10509 | D:12     | Noticed Kirke
 10513 | D:12     | Noticed a lindwurm
 10530 | D:12     | Noticed a lindwurm
 10538 | D:12     | Killed Kirke
 10538 | D:12     | Reached XP level 12. HP: 115/115 MP: 10/11
 10807 | D:12     | Noticed Harold
 10831 | D:12     | Killed Harold
 10975 | D:12     | Noticed Urug
 10987 | D:12     | Killed Urug
 10987 | D:12     | Received a gift from Trog
 11626 | D:13     | Noticed a centaur warrior
 11645 | D:13     | Killed a centaur warrior
 11900 | D:13     | Noticed a centaur warrior
 11913 | D:13     | Killed a centaur warrior
 12501 | D:14     | Reached skill level 15 in Fighting
 12560 | D:14     | Noticed a rakshasa
 12603 | D:14     | Killed a rakshasa
 12603 | D:14     | Received a gift from Trog
 12672 | D:14     | Found a gate to the Vaults.
 12672 | D:14     | Noticed an eight-headed hydra
 12672 | D:14     | Noticed a vault guard
 12672 | D:14     | Noticed a vault guard
 12672 | D:14     | Noticed a vault guard
 12673 | D:14     | Noticed a vault guard
 12707 | D:13     | Killed a vault guard
 13127 | Lair:1   | Killed a seven-headed hydra
 13127 | Lair:1   | Reached XP level 13. HP: 127/127 MP: 12/12
 13908 | Lair:2   | Paralysed by a hornet for 2 turns
 13983 | Lair:3   | Noticed Snorg
 14056 | Lair:3   | Killed Snorg
 14058 | Lair:3   | Received a gift from Trog
 14998 | Lair:3   | Found a staircase to the Swamp.
 15406 | Lair:4   | Reached skill level 15 in Bows
 15571 | Lair:4   | Found a hole to the Spider Nest.
 16274 | Lair:5   | Received a gift from Trog
 16464 | Lair:5   | Reached XP level 14. HP: 135/138 MP: 13/13
 16603 | Lair:5   | Found a staircase to the Slime Pits.
 16603 | Lair:5   | Found a viscous altar of Jiyva.
 17286 | Lair:6   | Entered Level 6 of the Lair of Beasts
 18257 | Lair:6   | Reached ****** piety under Trog
 18257 | Lair:6   | Received a gift from Trog
 18401 | Lair:6   | Mangled by a dire elephant

Skill      XL: |  1  2  3  4  5  6  7  8  9 10 11 12 13 14 |
---------------+-------------------------------------------+-----
Long Blades    | 4 5 6 7 9 10 12 14 | 14.5
Fighting       | 4 5 6 7 8 9 10 13 15 16 17 | 17.5
Armour         | 3 |  3.2
Dodging        | 3 |  3.0
Bows           | 2 4 6 8 11 13 16 17 | 17.6

Action                   |  1- 3 |  4- 6 |  7- 9 | 10-12 | 13-15 || total
-------------------------+-------+-------+-------+-------+-------++-------
Melee: Falchion          |    57 |    93 |   182 |   790 |       ||  1122
       Headbutt          |     7 |    21 |    48 |   235 |   113 ||   424
       Great sword       |       |       |       |       |   255 ||   255
 Fire: Shortbow          |       |       |   141 |   182 |       ||   323
       Longbow           |       |       |       |    70 |   272 ||   342
Invok: Berserk           |     2 |     3 |     9 |    15 |    11 ||    40
       Trog's Hand       |       |       |       |     1 |       ||     1
  Use: Scroll            |       |       |     5 |     4 |     7 ||    16
       Potion            |       |       |       |       |     2 ||     2
 Stab: Distracted        |       |       |       |       |     2 ||     2
  Eat: Chunk             |     4 |     6 |    18 |    40 |    27 ||    95
       Royal jelly       |       |       |       |     1 |       ||     1
Armor: Scale mail        |    18 |       |       |       |       ||    18
       Animal skin       |     1 |       |       |       |       ||     1
       Chain mail        |     5 |    42 |       |       |       ||    47
       Ring mail         |       |     1 |    44 |       |       ||    45
       Troll leather arm |       |       |    13 |   176 |   110 ||   299
Dodge: Dodged            |    39 |    37 |   137 |   345 |   212 ||   770
       Rpst.: Falchion   |    11 |     7 |    30 |    67 |       ||   115
       Great sword       |       |       |       |       |    82 ||    82
